Map: Ruins of Seras

Players

CMStormPolt (Polt) - Winner!

  • Race: Terran Terran
  • League: Master

Lambo

  • Race: Zerg Zerg
  • League: Grandmaster

Event: 2016 WCS Winter Circuit Championship

VOD

https://www.youtube.com/watch?v=qQ1wtgPNBw0

Description

Time

  • Played on: March 2, 2016, 5:34 a.m.
  • Length: 14:40

All games in this series

Show
View Real Time Build Order
Export as new Build Order

CMStormPolt Terran - Winner!

Build Orders: Command Center First (CC), Bio Tank 

Get SALT Encoding   

  12  0:00  SCV  
  13  0:12  SCV  
  14  0:17  Supply Depot  
  14  0:24  SCV  
  15  0:39  SCV  
  16  0:51  SCV  
  17  1:03  SCV, Command Center  
  18  1:14  Barracks  
  18  1:17  SCV  
  19  1:29  SCV  
  19  1:32  Barracks  
  20  1:42  SCV  
  20  1:43  Refinery  
  21  1:54  SCV  
  22  1:55  Refinery  
  22  2:01  Marine  
  22  2:06  Orbital Command  
  23  2:15  Orbital Command  
  23  2:19  Marine  
  24  2:32  SCV  
  24  2:33  Factory  
  25  2:40  Bunker  
  25  2:41  SCV  
  25  2:44  SCV  
  27  2:45  Barracks Reactor  
  27  2:47  Barracks Tech Lab  
  27  2:53  SCV  
  27  2:56  SCV  
  29  3:05  Stimpack, SCV, Marine  
  31  3:08  SCV  
  31  3:12  Supply Depot  
  32  3:17  SCV  
  33  3:20  SCV  
  33  3:25  Hellion  
  33  3:26  Hellion  
  33  3:27  Starport  
  38  3:33  Barracks Reactor, Marine  
  38  3:34  SCV x2  
  41  3:39  Supply Depot  
  41  3:42  Supply Depot  
  42  3:50  Hellion x2  
  42  3:51  Marine  
  46  4:01  SCV x2  
  48  4:03  Viking  
  48  4:06  Supply Depot  
  48  4:09  Marine  
  51  4:11  Supply Depot  
  51  4:12  Marine x2  
  51  4:16  Hellion  
  51  4:17  Hellion  
  57  4:19  SCV  
  57  4:20  SCV  
  59  4:29  Marine x2  
  59  4:30  Marine  
  62  4:33  SCV x2  
  62  4:34  Supply Depot  
  64  4:45  Medivac x2  
  68  4:46  SCV  
  68  4:47  SCV, Marine x3  
  73  4:58  Command Center  
  73  5:03  SCV x2  
  73  5:05  Marine x3  
  78  5:07  Factory Reactor  
  78  5:13  Engineering Bay  
  78  5:14  Engineering Bay, Combat Shields  
  78  5:19  Supply Depot  
  78  5:27  SCV x2  
  80  5:30  Marine x2  
  80  5:31  Refinery, Marine  
  80  5:32  Refinery  
  83  5:40  Terran Infantry Armor Level 1, Terran Infantry Weapons Level 1  
  83  5:42  Starport Reactor  
  83  5:57  Barracks x2  
  83  5:58  Factory Tech Lab, Barracks  
  83  6:02  Marine x3  
  85  6:11  Orbital Command  
  81  6:19  Siege Tank  
  81  6:21  Medivac x2  
  81  6:24  Marine x3  
  91  6:26  SCV  
  91  6:27  SCV  
  91  6:28  Orbital Command  
  91  6:39  SCV x2  
  93  6:41  Supply Depot  
  93  6:43  Factory, Marine x2  
  93  6:45  Marine  
  96  6:47  Barracks Reactor  
  96  6:49  Marine x3  
  96  6:51  Marine  
  99  7:04  Marine x3  
  99  7:05  Siege Tank  
  99  7:06  Marine x2  
  99  7:07  SCV x2, Marine  
  99  7:08  SCV  
  111  7:09  Marine  
  111  7:13  Armory  
  112  7:19  SCV  
  112  7:20  SCV x2  
  112  7:21  Refinery  
  114  7:25  Supply Depot  
  114  7:26  Supply Depot  
  114  7:28  Supply Depot  
  114  7:31  Marine x4  
  114  7:32  Marine x2  
  114  7:35  Marine x3  
  122  7:37  Siege Tank  
  122  7:40  Factory Tech Lab  
  125  7:46  SCV x3  
  125  7:48  Refinery  
  125  7:49  Supply Depot  
  125  7:51  Supply Depot  
  128  7:57  Medivac x2  
  132  8:07  Terran Infantry Weapons Level 2, Terran Infantry Armor Level 2  
  132  8:09  Siege Tank  
  132  8:10  SCV  
  132  8:11  SCV x2  
  132  8:12  Terran Vehicle Weapons Level 1  
  136  8:23  Marine x9  
  131  8:35  Siege Tank  
  133  8:42  Siege Tank, Marine x9  
  133  8:45  Medivac  
  133  8:46  Medivac  
  143  8:56  SCV x3  
  134  9:03  Marine x4  
  134  9:04  Marine x5  
  134  9:08  SCV x3  
  127  9:11  Siege Tank  
  127  9:14  Siege Tank  
  128  9:18  Medivac x2  
  129  9:29  Marine x9  
  138  9:34  Liberator x2  
  138  9:45  Siege Tank  
  141  9:46  Siege Tank  
  141  9:47  Marine x9  
  141  9:50  Missile Turret  
  159  10:02  Command Center  
  155  10:08  Marine x4  
  155  10:09  Marine x5  
  155  10:12  Terran Vehicle Weapons Level 2  
  163  10:30  Marine x2  
  165  10:36  Supply Depot x2  
  165  10:37  Siege Tank, Marine x5  
  165  10:38  Marine  
  165  10:40  Marine  
  172  10:43  Medivac  
  172  10:44  Medivac  
  172  10:46  Siege Tank, Terran Infantry Weapons Level 3  
  168  10:50  Marine x2  
  168  10:55  Marine x5  
  168  10:56  Marine  
  165  10:58  Marine  
  165  11:01  Terran Infantry Armor Level 3  
  166  11:13  Marine x7  
  166  11:14  Marine  
  166  11:16  Marine  
  175  11:20  Siege Tank x2  
  177  11:35  Marine x2  
  177  11:36  Marine x7  
  162  11:43  Medivac  
  162  11:44  Medivac  
  144  11:53  Command Center  
  144  12:00  Marine x7  
  151  12:03  Marine x2  
  153  12:13  Medivac x2  
  156  12:19  Siege Tank  
  156  12:21  Siege Tank  
  161  12:39  Marine x6  
  161  12:40  Marine x3  
  170  12:50  Medivac x2  
  170  12:51  Siege Tank  
  177  12:53  Siege Tank  
  177  13:05  Marine x9  
  170  13:12  Liberator x2  
  174  13:15  Orbital Command  
  174  13:17  Planetary Fortress  
  174  13:18  Command Center  
  174  13:23  Siege Tank  
  174  13:25  Siege Tank  
  186  13:39  Marine x8  
  189  13:55  Siege Tank  
  188  13:57  Siege Tank  
  177  14:04  Marine x6  
  177  14:05  Marine x3  
  184  14:22  Marine x4  
Show
View Real Time Build Order
Export as new Build Order

Lambo Zerg 

Build Orders: Hatch First 

Get SALT Encoding   

  12  0:00  Drone  
  13  0:13  Overlord  
  13  0:18  Drone  
  14  0:31  Drone  
  14  0:32  Drone  
  17  0:35  Drone  
  17  0:53  Hatchery  
  17  0:57  Drone  
  17  1:00  Drone  
  18  1:10  Extractor  
  17  1:15  Spawning Pool  
  16  1:18  Drone  
  16  1:21  Drone  
  18  1:29  Drone  
  19  1:40  Overlord  
  19  1:52  Drone  
  20  2:01  Zergling x2  
  20  2:02  Queen  
  20  2:05  Queen  
  20  2:06  Zergling x2  
  26  2:13  Metabolic Boost  
  26  2:14  Drone  
  27  2:18  Drone  
  28  2:25  Drone  
  29  2:31  Drone  
  30  2:39  Hatchery  
  30  2:44  Drone  
  30  2:49  Queen  
  32  2:51  Drone  
  32  2:56  Overlord  
  33  2:59  Drone  
  33  3:04  Drone  
  33  3:05  Drone  
  36  3:12  Overlord  
  36  3:19  Drone x4  
  40  3:23  Overlord  
  40  3:24  Drone  
  41  3:29  Queen  
  41  3:32  Drone  
  44  3:37  Drone x3  
  44  3:40  Drone  
  48  3:45  Drone x3  
  51  3:50  Lair  
  51  3:56  Extractor, Drone x2  
  51  4:02  Roach Warren  
  51  4:06  Zergling x6  
  51  4:07  Zergling x2  
  55  4:10  Drone x2  
  55  4:16  Queen  
  59  4:22  Drone  
  59  4:23  Drone x3  
  63  4:25  Drone x3  
  66  4:34  Overlord  
  66  4:37  Overlord  
  66  4:38  Evolution Chamber  
  65  4:41  Overlord  
  65  4:42  Drone  
  65  4:47  Evolution Chamber  
  65  4:51  Extractor  
  65  4:52  Overlord x2  
  63  4:53  Glial Reconstitution, Extractor  
  63  4:59  Drone  
  63  5:00  Drone x2  
  63  5:01  Drone x3  
  63  5:02  Roach x2  
  72  5:09  Roach x2  
  72  5:10  Roach x2  
  72  5:14  Roach x2  
  84  5:19  Zerg Missile Weapons Level 1, Extractor  
  85  5:21  Roach  
  85  5:26  Overlord  
  85  5:27  Roach x3  
  91  5:34  Overlord  
  91  5:36  Roach x3  
  97  5:48  Roach x2  
  97  5:49  Roach x2  
  105  5:53  Overlord  
  105  5:55  Overlord  
  105  6:00  Overlord  
  105  6:03  Overlord  
  105  6:05  Roach x3  
  105  6:06  Roach  
  111  6:21  Overlord  
  111  6:23  Overlord  
  111  6:24  Drone x5  
  116  6:26  Zerg Ground Armor Level 1  
  112  6:33  Roach  
  112  6:34  Roach x5  
  112  6:38  Drone x3  
  125  6:56  Roach  
  125  6:57  Roach x7  
  125  6:59  Drone x3  
  144  7:02  Extractor  
  143  7:09  Overlord  
  143  7:12  Drone x3  
  143  7:15  Hatchery  
  145  7:16  Roach x3  
  150  7:25  Drone x3  
  150  7:26  Zerg Missile Weapons Level 2  
  153  7:35  Overlord x2  
  153  7:37  Overseer, Overlord  
  153  7:45  Overlord  
  153  7:46  Overlord x2  
  153  7:51  Overlord x2  
  153  7:54  Ravager  
  153  7:55  Ravager x11  
  153  7:56  Roach  
  153  7:57  Overlord  
  167  7:59  Overlord  
  167  8:03  Overlord  
  169  8:08  Roach x5  
  169  8:11  Overlord  
  177  8:14  Overseer  
  177  8:16  Roach x3  
  183  8:22  Roach x4  
  173  8:34  Roach x7  
  167  8:42  Roach x3  
  167  8:43  Roach  
  175  8:50  Roach x4  
  181  8:59  Roach x4  
  166  9:05  Roach x4  
  166  9:09  Roach x2  
  138  9:18  Roach x6  
  138  9:22  Roach  
  138  9:23  Roach x2  
  146  9:29  Drone x3, Infestation Pit  
  148  9:37  Zerg Ground Armor Level 2  
  148  9:39  Roach x3  
  154  9:46  Extractor x2  
  154  9:47  Queen  
  154  9:55  Roach x7  
  154  9:57  Ravager x2  
  170  10:07  Roach x7  
  182  10:15  Pathogen Glands  
  182  10:17  Overlord  
  182  10:21  Overlord  
  182  10:22  Overlord  
  180  10:39  Infestor x3  
  152  10:53  Roach x12  
  146  11:04  Ravager  
  146  11:09  Roach x5  
  156  11:16  Ravager  
  156  11:17  Roach x3  
  161  11:18  Hatchery  
  160  11:29  Roach x2  
  146  11:35  Hatchery  
  118  11:40  Roach x2  
  118  11:41  Roach x3  
  122  11:47  Infestor x2  
  126  11:55  Roach x4  
  134  12:02  Ravager  
  135  12:10  Ravager x2  
  135  12:13  Extractor  
  135  12:14  Roach x6  
  146  12:17  Extractor  
  146  12:19  Ravager  
  146  12:28  Roach x6  
  159  12:38  Roach x7  
  166  12:59  Roach x7  
  166  13:00  Roach x5  
  166  13:04  Ravager  
  189  13:07  Roach  
  189  13:08  Roach x3  
  188  13:15  Ravager  
  188  13:18  Roach  
  188  13:19  Overlord  
  179  13:34  Roach x6  
  189  13:47  Infestor x2  
  174  13:49  Roach x7  
  188  14:01  Roach x3  
  180  14:07  Ravager x3  
  180  14:08  Roach  
Tags
 
Add a new tag
Caveats
  • Supply blocks, unpowered buildings, or Contaminate may cause inaccurate times.
  • Supply counts are checked every 10 seconds.